 Dungeon Sprint DCSS version 0.27-a0-1334-g2746e35aca (webtiles) character file.

Game seed: 13642772589540720359

63 mhtbhm the Cudgeller (level 3, -4/57 HPs)
             Began as a Minotaur Berserker on June 26, 2021.
             Was a Priest of Trog.
             Slain by an ice beast (5 damage)
             ... in the Dungeon (Sprint IX: "|||||||||||||||||||||||||||||").
             The game lasted 00:00:12 (74 turns).

mhtbhm the Cudgeller (Minotaur Berserker)             Turns: 74, Time: 00:00:13

Health: -4/57      AC: -1    Str: 22    XL:     3   Next: 87%
Magic:  2/2        EV: 12    Int:  4    God:    Trog [***...]
Gold:   0          SH:  0    Dex:  9    Spells: 2/2 levels left

rFire    . . .     SeeInvis .   a - +0 mace
rCold    . . .     Faith    .   (no shield)
rNeg     . . .     Spirit   .   b - +0 animal skin
rPois    .         Reflect  .   (helmet restricted)
rElec    .         Harm     .   (no cloak)
rCorr    .         Rampage  .   (no gloves)
Will     .....     NoTele   +   (no boots)
Stlth    ..........             (no amulet)
HPRegen  0.19/turn              (no ring)
MPRegen  0.08/turn              (no ring)

@: berserking (expiring), corroded, very quick
A: horns 2, retaliatory headbutt
a: Renounce Religion, Berserk, Trog's Hand


You were in the Dungeon.
You worshipped Trog.
Trog was most pleased with you.
You visited 1 branch

Inventory:

Hand Weapons
 a - a +0 mace (weapon)
Armour
 b - a +0 animal skin (worn)
Scrolls
 h - a scroll of blinking
Potions
 c - a potion of curing
 d - a potion of heal wounds
 e - a potion of haste
 f - 2 potions of magic
 g - a potion of berserk rage


   Skills:
 + Level 6.6 Fighting
 + Level 6.8 Maces & Flails
 + Level 3.6 Armour
 + Level 3.6 Dodging


You had 2 spell levels left.
You didn't know any spells.
Your spell library was empty.

Dungeon Overview and Level Annotations

Branches:
Dungeon (1/1)

Altars:


Innate Abilities, Weirdness & Mutations

You have a pair of horns on your head.
You reflexively headbutt those who attack you in melee.


Message History

You have reached level 2!
You have reached level 3!
Your experience leads to an increase in your attributes!
Increase (S)trength, (I)ntelligence, or (D)exterity?
You feel stronger.
Unknown command.
Unknown command.
You closely miss the gnoll shaman.
The gnoll shaman hits you with a +0 club.
* * * LOW HITPOINT WARNING * * *
You sock the gnoll shaman!
The gnoll shaman is severely wounded.
The gnoll shaman mumbles some strange prayers to its god against you.
You resist with significant effort.
You sock the gnoll shaman!
You kill the gnoll shaman!
Trog accepts your kill.
Your Fighting skill increases to level 6!
You barely miss the quokka zombie. You thump the quokka zombie!
You destroy the quokka zombie!
Trog accepts your kill.
Unknown command.
You hit the ice beast but do no damage. You headbutt the ice beast.
The ice beast is lightly wounded.
The ice beast closely misses you.
Unknown command.
You closely miss the ice beast.
The ice beast is lightly wounded.
The ice beast hits you.
* * * LOW HITPOINT WARNING * * *
The ice beast freezes you!
* * * LOW HITPOINT WARNING * * *
Unknown command.
You hit the ice beast. You headbutt the ice beast!
The ice beast is almost dead.
You closely miss the ice beast. Your headbutt misses the ice beast.
The ice beast is almost dead.
The ice beast hits you.
You die... ▓▓▓▓▓▓▓▓▓▓▓▓▓▓▓▓▓▓ ▓<...††...@YZ....+ ▓▓▓▓▓▓▓▓▓▓▓▓▓▓▓▓▓▓

You could see an ice beast and a ball python skeleton.

Vanquished Creatures
  A jelly (D)
  A gnoll shaman (D)
  A ball python (D)
  2 quokkas (D)
  A bat (D)
  A frilled lizard (D)
  A quokka zombie (D)
8 creatures vanquished.

Notes
Turn   | Place    | Note
-------+----------+-------------------------------------------
     0 | D        | mhtbhm the Minotaur Berserker began the quest for the Orb.
     0 | D        | Reached XP level 1. HP: 19/19 MP: 0/0
    12 | D        | Reached ** piety under Trog
    61 | D        | Noticed a jelly
    61 | D        | Noticed a gnoll shaman
    61 | D        | Noticed an ice beast
    65 | D        | Killed a jelly
    66 | D        | Reached skill level 5 in Fighting
    66 | D        | Reached XP level 2. HP: 14/30 MP: 1/1
    66 | D        | Reached XP level 3. HP: 17/37 MP: 2/2
    68 | D        | Reached *** piety under Trog
    72 | D        | HP: 1/57 [ice beast (9)]
    74 | D        | Slain by an ice beast

Illustrated notes

Levels and vault maps discovered:
D:        linesprint [early_d, line_temple, items_1, d_10, items_2, lair_1,
          lair_end, items_3, orc_1, orc_end, items_4, d_15, swamp_1, shoals_1,
          snake_1, spider_1, d_20, vaults_1, items_5, swamp_end, shoals_end,
          snake_end, spider_end, vaults_end, d_27, items_6, zot_1, zot_end,
          crypt_end, forest_end, elf_end, slime_end, tomb_end, abyss_end,
          pan_hell_end]

Skill      XL: |  1  2  3 |
---------------+----------+-----
Fighting       | 5 6 |  6.6
Maces & Flails | 6 |  6.8
Armour         | 3 |  3.6
Dodging        | 3 |  3.6

Action                   || total
-------------------------++-------
Melee: Mace              ||    22
       Headbutt          ||     4
Invok: Berserk           ||     2
Armor: Animal skin       ||     2
Dodge: Dodged            ||     5

Table legend: (Time is in decaauts)
 A = Elapsed time spent in this place.
 B = Non-inter-level travel time spent in this place.
 C = Inter-level travel time spent in this place.
 D = Time resting spent in this place.
 E = Time spent auto-exploring this place.
 F = Levels seen in this place.
 G = Mean time per level.
                   A        B        C        D        E       F      G
               +--------+--------+--------+--------+--------+-----+--------+
         Total |     81 |     81 |      0 |     51 |      3 |   1 |   81.0 |
       Dungeon |     81 |     81 |      0 |     51 |      3 |   1 |   81.0 |
               +--------+--------+--------+--------+--------+-----+--------+

Top non-repeatable levels by time:
       D: 81 daAuts
